 Dungeon Sprint DCSS version 0.21-a0-265-gb353147 (webtiles) character file.

9604 Kidiri the Eclecticist (level 11, -2/64 (66) HPs)
             Began as a Deep Elf Fire Elementalist on Sept 10, 2017.
             Was the Champion of Vehumet.
             Engulfed by a death drake's foul pestilence (8 damage)
             ... in the Dungeon (Sprint III: "The Ten Rune Challenge").
             The game lasted 00:17:49 (3072 turns).

Kidiri the Eclecticist (Deep Elf Fire Elementalist) Turns: 3072, Time: 00:17:49

HP:   -2/64 (66)    AC:  5    Str:  5    XL:     11   Next: 25%
MP:   19/33         EV: 21    Int: 26    God:    Vehumet [******]
Gold: 50            SH:  0    Dex: 19    Spells: 5/43 levels left

rFire    . . .     SeeInvis .   l - +0 dagger
rCold    + . .     Gourm    .   (no shield)
rNeg     . . .     Faith    .   a - +1 robe {rC+}
rPois    .         Spirit   .   (no helmet)
rElec    .         Reflect  .   (no cloak)
rCorr    .         Harm     .   (no gloves)
MR       +....     NoTele   +   (no boots)
Stlth    ++........             (no amulet)
HPRegen  0.00/turn              p - ring "Eqiymix" {AC+2 Dex+4}
MPRegen  0.23/turn              (no ring)

@: lethally poisoned (-2 -> -139), non-regenerating, badly diseased, slowed,
very slow
A: clever 1, wild magic 1, sturdy frame 1
a: Renounce Religion


You were in the Dungeon.
You worshipped Vehumet.
Vehumet was exalted by your worship.
You were not hungry.

You visited 1 branch You collected 50 gold pieces.

Inventory:

Hand Weapons
 l - a +0 dagger (weapon)
Armour
 a - a +1 robe of cold resistance (worn)
 B - a cursed +0 robe
Jewellery
 p - the ring "Eqiymix" (left hand) {AC+2 Dex+4}
   (You found it in the Dungeon)

   [ring of protection]

   It affects your AC (+2).
   It affects your dexterity (+4).
Wands
 n - a wand of lightning (4/15)
 y - a wand of acid (5/15)
Scrolls
 i - a scroll of blinking
 k - a scroll of remove curse
 m - a scroll of holy word {unknown}
 o - a scroll of magic mapping {unknown}
 r - a scroll of torment {unknown}
 v - a scroll of immolation {unknown}
 w - a scroll of identify
Potions
 d - a potion of curing
 e - a potion of heal wounds
 f - 2 potions of haste
 g - a potion of magic
 h - a potion of berserk rage
 q - a potion of flight
 t - a potion of cancellation {unknown}
 u - a potion of mutation
Comestibles
 b - 3 chunks of flesh
 c - a bread ration
 j - 24 royal jellies
 s - a meat ration


   Skills:
 + Level 6.8 Fighting
 + Level 8.0 Short Blades
 + Level 6.6 Armour
 + Level 10.2 Dodging
 - Level 2.4 Stealth
 * Level 16.6 Spellcasting
 + Level 10.5 Conjurations
 + Level 10.7 Fire Magic
 + Level 6.9 Ice Magic
 + Level 7.7 Air Magic
 + Level 4.4 Earth Magic
 + Level 8.8 Poison Magic


You had 5 spell levels left.
You knew the following spells:

 Your Spells              Type           Power        Failure   Level  Hunger
a - Flame Tongue          Conj/Fire      #####        1%          1    None
b - Throw Flame           Conj/Fire      ######       1%          2    None
c - Conjure Flame         Conj/Fire      #######.     1%          3    None
d - Inner Flame           Hex/Fire       ######..     1%          3    None
e - Sticky Flame          Conj/Fire      #######.     1%          4    None
f - Fireball              Conj/Fire      #######...   1%          5    None
g - Bolt of Magma         Conj/Fire/Erth ######....   1%          5    None
h - Throw Frost           Conj/Ice       ######       1%          2    None
i - Airstrike             Air            ######....   1%          4    None
j - Mephitic Cloud        Conj/Pois/Air  ######..     1%          3    None
k - Poison Arrow          Conj/Pois      #######...   3%          6    ###....


Dungeon Overview and Level Annotations

Branches:
Dungeon (1/1)

Altars:
Cheibriados
Dithmenos
Elyvilon
Fedhas
Gozag
Hepliaklqana
Kikubaaqudgha
Makhleb
Nemelex Xobeh
Okawaru
Qazlal
Ru
Sif Muna
Trog
Uskayaw
Vehumet
Wu Jian
Xom
Yredelemnul
Zin
The Shining One
Beogh
Jiyva
Lugonu

Annotations:
D exclusion: 2 doors


Innate Abilities, Weirdness & Mutations

Your mind is acute. (Int +2)
Your spells are a little harder to cast, but a little more powerful.
Your movements are slightly less encumbered by armour. (ER -2)


Message History

You are more poisoned.
* * * LOW HITPOINT WARNING * * *
Magic courses through your body.
You are engulfed in dark miasma.
You are more poisoned.
You feel your flesh rotting away!
You feel ill.
* * * LOW HITPOINT WARNING * * *
x2 You feel extremely sick.
The death drake closely misses you.
Unknown command.
Casting: Bolt of Magma
Confirm with . or Enter, or press ? or * to list all spells.
Aiming: Airstrike
Press: ? - help, Dir - move target cursor, f - death drake
Aim: a death drake (foul pestilence, severely wounded, catching its breath)
The air twists around and violently strikes the death drake!
The death drake is almost dead.
You are engulfed in dark miasma.
You are more poisoned.
You feel your flesh rotting away!
You feel yourself slow down.
You die...

#.≈♣♣♣♣♣♣♣♣♣♣♣♣♣♣♣♣..##.#.#.##
#..♣♣ ♣..##+#####
###'♣♣♣♣♣♣♣♣♣♣♣♣♣♣♣♣.#
♣♣♣♣.##..##≈≈≈≈≈≈..#..#
♣...##)##.#≈≈%%≈...#:.#
♣♣.##.##.##'≈≈≈≈§####+#
♣..#.##...#≈§§§.§.§?
♣♣.##.##..#≈§§+#####
♣♣.##.#####§k@#
♣.....##....§§#
########+######


You could see a death drake.

Vanquished Creatures
  Josephine (D)
  2 hydras (D)
  A centaur warrior (D)
  Urug (D)
  An unseen horror (D)
  A lindwurm (D)
  A deep elf mage (D)
  2 spiny frogs (D)
  A komodo dragon (D)
  3 wandering mushrooms (D)
  A queen bee (D)
  2 tyrant leeches (D)
  A shadow (D)
  3 redbacks (D)
  A spatial vortex (D)
  A hydra simulacrum (D)
  A necrophage (D)
  A black mamba simulacrum (D)
  2 centaurs (D)
  A water elemental (D)
  A scorpion (D)
  27 killer bees (D)
  An electric eel (D)
  A jelly (D)
  Jessica (D)
  A wizard (D)
  A necromancer (D)
  2 wolf simulacra (D)
  A kobold demonologist (D)
  3 humans (D)
  2 rats (D)
  3 plants (D)
72 creatures vanquished.

Vanquished Creatures (collateral kills)
  4 killer bees (D)
4 creatures vanquished.

Vanquished Creatures (others)
  2 draconian scorchers (D)
  6 hellions (D)
  3 yaktaurs (D)
  A killer bee (D)
12 creatures vanquished.

Grand Total: 88 creatures vanquished

Notes
Turn   | Place    | Note
-------+----------+-------------------------------------------
     0 | D        | Kidiri the Deep Elf Fire Elementalist began the quest for the Orb.
     0 | D        | Reached XP level 1. HP: 10/10 MP: 6/6
    32 | D        | Noticed Jessica
    36 | D        | Killed Jessica
    36 | D        | Reached skill level 6 in Spellcasting
    36 | D        | Reached XP level 2. HP: 15/15 MP: 3/11
    40 | D        | Learned a level 2 spell: Throw Flame
    40 | D        | Killed a yaktaur
   107 | D        | Killed a hellion
   108 | D        | Killed a hellion
   108 | D        | Killed a hellion
   108 | D        | Killed a hellion
   109 | D        | Killed a hellion
   110 | D        | Killed a hellion
   119 | D        | Reached skill level 7 in Spellcasting
   119 | D        | Reached skill level 5 in Fire Magic
   119 | D        | Reached XP level 3. HP: 10/19 MP: 4/13
   124 | D        | Learned a level 3 spell: Conjure Flame
   128 | D        | Learned a level 3 spell: Inner Flame
   188 | D        | Killed a white draconian scorcher
   223 | D        | Killed a white draconian scorcher
   263 | D        | Noticed a scorpion
   270 | D        | Killed a scorpion
   270 | D        | Reached skill level 8 in Spellcasting
   270 | D        | Reached XP level 4. HP: 15/24 MP: 6/16
   306 | D        | Learned a level 4 spell: Sticky Flame
   306 | D        | Gained mutation: Your mind is acute. (Int +2) [potion of mutation]
   306 | D        | Lost mutation: Your mind is acute. (Int +2) [potion of mutation]
   306 | D        | Gained mutation: You have sharp fingernails. [potion of mutation]
   307 | D        | Lost mutation: You have sharp fingernails. [potion of mutation]
   307 | D        | Gained mutation: You have a pair of small horns on your head. [potion of mutation]
   307 | D        | Gained mutation: You are robust. (+10% HP) [potion of mutation]
   307 | D        | Gained mutation: Your flesh is heat resistant. (rF+) [potion of mutation]
   308 | D        | Lost mutation: You have a pair of small horns on your head. [potion of mutation]
   308 | D        | Lost mutation: Your flesh is heat resistant. (rF+) [potion of mutation]
   308 | D        | Lost mutation: You are robust. (+10% HP) [potion of mutation]
   308 | D        | Gained mutation: You have a pair of small horns on your head. [potion of mutation]
   308 | D        | Gained mutation: You passively map a small area around you. [potion of mutation]
   308 | D        | Gained mutation: You occasionally shout uncontrollably at your foes. [potion of mutation]
   308 | D        | Gained mutation: Your mind is acute. (Int +2) [potion of mutation]
   309 | D        | Lost mutation: You occasionally shout uncontrollably at your foes. [potion of mutation]
   309 | D        | Lost mutation: You passively map a small area around you. [potion of mutation]
   309 | D        | Lost mutation: You have a pair of small horns on your head. [potion of mutation]
   309 | D        | Lost mutation: Your mind is acute. (Int +2) [potion of mutation]
   309 | D        | Gained mutation: Your spells are a little harder to cast, but a little more powerful. [potion of mutation]
   309 | D        | Gained mutation: Your mind is acute. (Int +2) [potion of mutation]
   309 | D        | Gained mutation: Your movements are slightly less encumbered by armour. (ER -2) [potion of mutation]
   537 | D        | Noticed a water elemental
   539 | D        | Killed a water elemental
   539 | D        | Reached skill level 9 in Spellcasting
   539 | D        | Reached skill level 5 in Conjurations
   539 | D        | Reached XP level 5. HP: 28/28 MP: 12/19
   547 | D        | Learned a level 5 spell: Fireball
   580 | D        | Found a radiant altar of Vehumet.
   581 | D        | Found a deep blue altar of Sif Muna.
   581 | D        | Found an ancient bone altar of Kikubaaqudgha.
   583 | D        | Reached skill level 10 in Spellcasting
   585 | D        | Reached skill level 1 in Fighting
   585 | D        | Reached skill level 1 in Armour
   596 | D        | Learned a level 3 spell: Mephitic Cloud
   608 | D        | Became a worshipper of Vehumet
   649 | D        | Found a glowing silver altar of Zin.
   650 | D        | Found a glowing golden altar of the Shining One.
   650 | D        | Found a white marble altar of Elyvilon.
   650 | D        | Noticed a deep elf mage
   660 | D        | Killed a deep elf mage
   660 | D        | Reached skill level 5 in Dodging
   660 | D        | Reached skill level 12 in Spellcasting
   660 | D        | Reached XP level 6. HP: 11/36 MP: 17/23
   660 | D        | Reached XP level 7. HP: 12/40 MP: 17/24
   875 | D        | Found an ornate altar of the Wu Jian Council.
   875 | D        | Found a roughly hewn altar of Beogh.
   875 | D        | Found an iron altar of Okawaru.
   875 | D        | Found a bloodstained altar of Trog.
   875 | D        | Found a hide-covered altar of Uskayaw.
   875 | D        | Noticed a human
   877 | D        | Noticed a human
   885 | D        | Killed a human
   889 | D        | Killed a human
   889 | D        | Reached * piety under Vehumet
   889 | D        | Offered knowledge of Sting by Vehumet.
  1023 | D        | Found a basalt altar of Yredelemnul.
  1023 | D        | Found a shadowy altar of Dithmenos.
  1023 | D        | Found a sacrificial altar of Ru.
  1032 | D        | Reached XP level 8. HP: 42/46 MP: 13/26
  1053 | D        | Killed a yaktaur
  1118 | D        | Offered knowledge of Throw Frost by Vehumet.
  1118 | D        | Reached ** piety under Vehumet
  1131 | D        | Learned a level 2 spell: Throw Frost
  1178 | D        | Found a blossoming altar of Fedhas.
  1178 | D        | Found a stormy altar of Qazlal.
  1178 | D        | Found a snail-covered altar of Cheibriados.
  1178 | D        | Found a burning altar of Makhleb.
  1178 | D        | Found a shimmering altar of Xom.
  1179 | D        | Found a hazy altar of Hepliaklqana.
  1179 | D        | Found an opulent altar of Gozag.
  1179 | D        | Found a sparkling altar of Nemelex Xobeh.
  1179 | D        | Found a corrupted altar of Lugonu.
  1179 | D        | Found a viscous altar of Jiyva.
  1197 | D        | Reached skill level 13 in Spellcasting
  1282 | D        | Noticed Josephine
  1283 | D        | Killed Josephine
  1283 | D        | Offered knowledge of Static Discharge by Vehumet.
  1283 | D        | Reached skill level 5 in Short Blades
  1283 | D        | Reached skill level 5 in Air Magic
  1283 | D        | Reached skill level 5 in Poison Magic
  1283 | D        | Reached XP level 9. HP: 48/52 MP: 13/28
  1441 | D        | Noticed a centaur warrior
  1448 | D        | Reached *** piety under Vehumet
  1448 | D        | Offered knowledge of Airstrike by Vehumet.
  1466 | D        | Killed a centaur warrior
  1466 | D        | Reached skill level 5 in Fighting
  1466 | D        | Reached skill level 5 in Armour
  1466 | D        | Reached skill level 14 in Spellcasting
  1542 | D        | Learned a level 4 spell: Airstrike
  1578 | D        | Noticed an unseen horror
  1585 | D        | Killed an unseen horror
  1976 | D        | Noticed a queen bee
  1982 | D        | Reached **** piety under Vehumet
  1983 | D        | Offered knowledge of Bolt of Magma by Vehumet.
  1995 | D        | Reached ***** piety under Vehumet
  1997 | D        | Killed a queen bee
  1997 | D        | Reached XP level 10. HP: 26/59 MP: 18/30
  1999 | D        | Reached ****** piety under Vehumet
  1999 | D        | Reached skill level 15 in Spellcasting
  1999 | D        | Reached skill level 5 in Ice Magic
  2002 | D        | HP: 3/60 [killer bee/exploding inner flame[the player character] (22)]
  2007 | D        | HP: 2/60 [poisoned by a killer bee]
  2014 | D        | HP: 1/60 [poisoned by a killer bee]
  2022 | D        | HP: 1/60 [poisoned by a killer bee]
  2196 | D        | Learned a level 5 spell: Bolt of Magma
  2320 | D        | Offered knowledge of Poison Arrow by Vehumet.
  2342 | D        | Learned a level 6 spell: Poison Arrow
  2461 | D        | Reached skill level 10 in Fire Magic
  2461 | D        | Reached skill level 1 in Earth Magic
  2500 | D        | Noticed a spiny frog
  2500 | D        | Noticed a spiny frog
  2501 | D        | Killed a spiny frog
  2502 | D        | Killed a spiny frog
  2502 | D        | Offered knowledge of Bolt of Fire by Vehumet.
  2523 | D        | Reached skill level 10 in Conjurations
  2617 | D        | Noticed a lindwurm
  2620 | D        | Killed a lindwurm
  2620 | D        | Reached skill level 16 in Spellcasting
  2702 | D        | Noticed Urug
  2710 | D        | Killed Urug
  2710 | D        | Reached XP level 11. HP: 42/66 MP: 17/33
  2905 | D        | Offered knowledge of Spellforged Servitor by Vehumet.
  2949 | D        | Got a vibrating bronze ring
  2976 | D        | Identified the ring "Eqiymix" {AC+2 Dex+4} (You found it in the Dungeon)
  3040 | D        | Reached skill level 10 in Dodging
  3041 | D        | Noticed a five-headed hydra
  3041 | D        | Noticed a five-headed hydra
  3046 | D        | Killed a five-headed hydra
  3048 | D        | Killed a five-headed hydra
  3063 | D        | Noticed a death drake
  3072 | D        | Engulfed by a death drake's foul pestilence

Vault maps used:
D:        dungeon_sprint_mu

Skill      XL: |  1  2  3  4  5  6  7  8  9 10 11 |
---------------+----------------------------------+-----
Spellcasting   | 6 7 8 9 12 13 14 16 | 16.6
Conjurations   | 3 4 5 7 8 9 10 | 10.5
Fire Magic     | 4 5 6 7 8 9 10 | 10.7
Fighting       | 2 3 4 5 6 |  6.8
Armour         | 3 4 5 6 |  6.6
Dodging        | 5 6 7 8 9 10 | 10.2
Short Blades   | 3 4 5 6 7 8 |  8.0
Air Magic      | 3 5 6 7 |  7.7
Poison Magic   | 3 4 5 7 8 |  8.8
Ice Magic      | 2 4 6 |  6.9
Earth Magic    | 3 4 |  4.4
Stealth        | |  2.4

Action                   |  1- 3 |  4- 6 |  7- 9 | 10-12 || total
-------------------------+-------+-------+-------+-------++-------
Melee: Club              |     1 |       |       |       ||     1
       Dagger            |       |     1 |     3 |     4 ||     8
 Cast: Flame Tongue      |    17 |     3 |    37 |     1 ||    58
       Throw Flame       |     1 |       |       |     1 ||     2
       Conjure Flame     |       |     1 |     4 |     2 ||     7
       Sticky Flame      |       |     3 |    10 |     1 ||    14
       Inner Flame       |       |       |     8 |     5 ||    13
       Mephitic Cloud    |       |       |     4 |     1 ||     5
       Fireball          |       |       |     4 |       ||     4
       Airstrike         |       |       |     1 |     2 ||     3
       Bolt of Magma     |       |       |       |    32 ||    32
       Poison Arrow      |       |       |       |     1 ||     1
Evoke: Wand              |       |       |       |     1 ||     1
  Use: Potion            |       |     4 |       |     2 ||     6
       Scroll            |       |     3 |     1 |     1 ||     5
 Stab: Sleeping          |       |       |     1 |       ||     1
  Eat: Chunk             |       |       |     3 |       ||     3
       Royal jelly       |       |       |       |     3 ||     3
       Fruit             |       |       |       |     1 ||     1
Armor: Robe              |       |       |     1 |       ||     1
Dodge: Dodged            |     5 |     3 |    25 |    15 ||    48

Table legend:
 A = Spawn XP
 B = Non-spawn XP
 C = Spawn XP percentage of total XP
 D = Spawn monster count
 E = Non-spawn monster count
 F = Spawn count percentage of total count
 G = Total turns spent on level
                    A         B        C        D         E        F      G
               +---------+---------+-------+---------+---------+-------+---------
         Total |       0 |   13721 |   0.0 |       0 |      74 |   0.0 |  3072
               +---------+---------+-------+---------+---------+-------+---------
             D |       0 |   13721 |   0.0 |       0 |      74 |   0.0 |  3072
               +---------+---------+-------+---------+---------+-------+---------
